Map: [ESL] Tropical Sacrifice

Players

Strange

  • Race: Protoss Protoss
  • Spawn Location: 7:00

Elazer - Winner!

  • Race: Zerg Zerg
  • Spawn Location: 1:00

Event: DreamHack SC2 Masters 2022 Atlanta (Online)

VOD

Have the link to the VOD?

Description

Time

  • Played on: Oct. 5, 2022, 12:01 p.m.
  • Length: 12:17

All games in this series

Show
View Real Time Build Order
Export as new Build Order

Strange Protoss 

Build Orders: 1 Gate Expand, Mass Adepts 

Get SALT Encoding   

  12  0:00  Probe  
  13  0:12  Probe  
  14  0:20  Pylon  
  14  0:24  Probe  
  15  0:39  Probe (Chrono Boost), Gateway  
  16  0:47  Probe (Chrono Boost)  
  16  0:48  Assimilator  
  17  0:53  Probe  
  18  1:05  Probe  
  19  1:17  Probe  
  20  1:25  Nexus  
  20  1:35  Cybernetics Core  
  20  1:38  Probe  
  21  1:44  Assimilator  
  21  1:50  Probe  
  21  1:53  Pylon  
  22  2:02  Probe (Chrono Boost)  
  23  2:11  Adept, Warp Gate  
  23  2:14  Probe (Chrono Boost)  
  26  2:22  Probe (Chrono Boost)  
  27  2:23  Twilight Council  
  27  2:29  Probe (Chrono Boost)  
  28  2:40  Probe x2 (Chrono Boost)  
  28  2:41  Stalker  
  32  2:47  Probe (Chrono Boost)  
  32  2:48  Probe (Chrono Boost)  
  34  2:52  Probe (Chrono Boost)  
  34  2:56  Probe  
  36  3:02  Gateway  
  36  3:08  Gateway  
  36  3:09  Probe  
  36  3:10  Probe  
  38  3:14  Resonating Glaives (Chrono Boost)  
  38  3:15  Adept  
  40  3:22  Probe  
  40  3:24  Probe  
  42  3:28  Pylon  
  42  3:34  Probe  
  43  3:46  Pylon  
  43  3:48  Nexus  
  43  4:02  Adept x3  
  47  4:05  Robotics Facility  
  47  4:08  Pylon  
  49  4:22  Adept x2  
  49  4:23  Adept  
  55  4:33  Gateway x2  
  55  4:37  Gateway  
  55  4:40  Gateway  
  55  4:42  Gateway  
  55  4:44  Adept  
  57  4:51  Adept x2  
  61  4:56  Warp Prism (Chrono Boost)  
  61  5:10  Adept  
  61  5:11  Adept x2  
  61  5:14  Pylon  
  67  5:18  Pylon  
  67  5:41  Adept x3  
  67  5:42  Adept x5  
  83  5:49  Pylon  
  77  6:11  Adept x2  
  77  6:12  Adept x6  
  63  6:36  Warp Prism (Chrono Boost)  
  55  6:45  Adept x8  
  57  6:55  Probe x2  
  59  7:05  Adept x3  
  59  7:06  Adept  
  67  7:14  Probe x2  
  67  7:15  Assimilator  
  69  7:22  Shield Battery  
  69  7:25  Shield Battery, Pylon  
  65  7:39  Adept x3  
  65  7:40  Adept x4  
  77  7:45  Adept  
  77  7:46  Pylon  
  57  8:15  Adept x7  
  67  8:20  Adept  
  67  8:21  Probe  
  67  8:25  Assimilator  
  66  8:42  Adept x4  
  66  8:43  Adept x3  
  70  9:05  Adept x6  
  70  9:06  Adept  
  62  9:35  Immortal (Chrono Boost)  
  56  9:40  Adept x5  
  56  9:41  Adept  
  68  10:06  Immortal (Chrono Boost)  
  72  10:07  Sentry x2  
  72  10:10  Pylon  
  70  10:17  Sentry  
  72  10:29  Zealot, Immortal (Chrono Boost)  
  78  10:41  Pylon  
  78  10:47  Nexus  
  78  10:48  Pylon  
  78  10:57  Sentry x3  
  78  11:00  Warp Prism (Chrono Boost)  
  86  11:05  Sentry  
  86  11:06  Adept  
  90  11:13  Sentry  
  90  11:14  Adept  
  94  11:24  Adept x2  
  98  11:37  Adept  
  100  11:43  Adept  
  100  11:44  Adept x2  
  100  11:45  Sentry  
  108  11:47  Sentry  
Show
View Real Time Build Order
Export as new Build Order

Elazer Zerg - Winner!

Build Orders: Hatch First 

Get SALT Encoding   

  12  0:00  Drone  
  13  0:12  Overlord  
  13  0:17  Drone  
  14  0:30  Drone x2  
  16  0:50  Hatchery  
  16  0:52  Drone  
  16  0:56  Drone  
  17  0:59  Drone  
  18  1:11  Extractor  
  17  1:15  Spawning Pool  
  16  1:18  Drone  
  16  1:21  Drone  
  18  1:28  Drone  
  19  1:39  Drone  
  20  1:49  Drone  
  21  2:02  Zergling x2, Queen x2  
  21  2:03  Overlord  
  26  2:11  Drone  
  26  2:13  Metabolic Boost, Drone  
  28  2:23  Drone x2  
  30  2:35  Hatchery  
  29  2:41  Queen  
  31  2:45  Drone  
  31  2:46  Drone  
  31  2:50  Overlord  
  33  2:57  Drone x2  
  35  3:00  Drone  
  36  3:07  Overlord  
  36  3:08  Queen  
  36  3:10  Drone  
  39  3:15  Drone x2  
  39  3:17  Drone  
  42  3:21  Queen  
  44  3:30  Spore Crawler, Drone  
  44  3:33  Drone  
  45  3:35  Drone x2  
  45  3:40  Drone, Overlord  
  48  3:43  Drone x2  
  50  3:49  Drone x2  
  50  3:55  Queen  
  54  3:59  Roach Warren  
  54  4:00  Zergling x6  
  56  4:04  Zergling x6  
  56  4:05  Zergling x2  
  60  4:10  Queen  
  60  4:14  Overlord  
  62  4:23  Drone x4  
  66  4:26  Overlord  
  66  4:31  Overlord  
  65  4:34  Zergling x14  
  72  4:39  Zergling x4  
  72  4:44  Zergling x6  
  76  4:54  Overlord  
  76  4:55  Zergling x10  
  81  5:02  Overlord  
  81  5:08  Drone x8  
  89  5:15  Drone x2  
  89  5:18  Overlord  
  91  5:22  Overlord  
  91  5:23  Drone x2  
  91  5:26  Extractor  
  91  5:28  Extractor  
  91  5:30  Roach x3  
  97  5:36  Roach x2  
  97  5:38  Hatchery  
  97  5:39  Roach  
  97  5:40  Roach  
  97  5:42  Roach  
  106  5:49  Roach  
  108  5:51  Roach  
  108  5:52  Roach x2  
  103  6:12  Roach x2  
  103  6:13  Zergling x16  
  103  6:14  Queen x3  
  109  6:25  Zergling x6  
  103  6:32  Zergling x4  
  84  6:38  Drone x5  
  79  6:48  Drone x2  
  79  6:49  Drone  
  82  7:00  Drone x3  
  85  7:01  Ravager  
  85  7:02  Drone x3  
  85  7:08  Drone  
  90  7:12  Drone x2  
  92  7:21  Zergling x6  
  92  7:27  Roach x6  
  92  7:29  Zergling x6  
  102  7:38  Zergling x8  
  103  7:45  Zergling x4  
  97  8:00  Overlord  
  97  8:02  Drone x3  
  91  8:07  Drone  
  91  8:12  Drone  
  88  8:17  Drone  
  85  8:20  Drone  
  85  8:24  Drone x3  
  85  8:26  Drone  
  90  8:31  Spore Crawler  
  90  8:32  Drone x3  
  91  8:40  Zergling x8  
  89  8:51  Roach x4  
  96  9:02  Roach x2  
  96  9:03  Zergling x8  
  97  9:11  Zergling x8  
  97  9:16  Zergling x4  
  91  9:31  Overlord  
  91  9:34  Drone x6  
  96  9:43  Drone x3  
  99  9:49  Drone x2  
  99  9:52  Drone x2  
  102  10:03  Drone x7  
  109  10:11  Overlord  
  109  10:14  Overlord  
  109  10:16  Overlord  
  109  10:17  Drone x3  
  112  10:26  Overlord  
  112  10:27  Drone x6  
  118  10:32  Lair  
  118  10:44  Overlord  
  118  10:47  Overlord  
  118  10:49  Drone x3, Extractor  
  118  10:52  Drone x2  
  118  10:53  Drone  
  118  10:55  Overlord  
  122  10:57  Ravager  
  122  10:58  Roach x5  
  132  11:13  Roach x5  
  132  11:17  Overlord  
  142  11:24  Zergling x2  
  142  11:25  Zergling x4, Overlord  
  145  11:29  Zergling x16  
  152  11:35  Ravager  
  152  11:36  Ravager  
  152  11:37  Ravager  
  155  11:41  Zergling x16  
  155  11:46  Ravager  
  167  11:48  Zergling x14  
Tags
 
Add a new tag
Caveats
  • Supply blocks, unpowered buildings, or Contaminate may cause inaccurate times.
  • Supply counts are checked every 10 seconds.